 Dungeon Crawl Stone Soup version 0.17-a0-1020-ge683cc4 (webtiles) character file.

254 Chiseanne the Ducker (level 5, -2/42 HPs)
             Began as a Demonspawn Monk on May 18, 2015.
             Slain by Grinder (7 damage)
             ... on level 4 of the Dungeon.
             The game lasted 00:07:41 (3389 turns).

Chiseanne the Ducker (Demonspawn Monk)              Turns: 3389, Time: 00:07:41

Health: -2/42      AC:  8    Str: 12    XL:     5   Next: 90%
Magic:  5/5        EV: 13    Int: 12    God:
Gold:   168        SH:  0    Dex: 15    Spells: 0 memorised, 4 levels left

rFire  . . .     SeeInvis .       - Unarmed
rCold  . . .     Clarity  .     g - +0 ring mail
rNeg   . . .     SustAb   .     (no shield)
rPois  .         Gourm    .     d - +1 helmet
rElec  .         Spirit   .     (no cloak)
rCorr  .         Warding  .     (no gloves)
rMut   .         Stasis   .     k - +0 pair of boots
MR     .....                    (no amulet)
Stlth  +.........               (no ring)
                                (no ring)

@: not resistant to hostile enchantments, very unstealthy
A: powered by pain 1
a: no special abilities


You were on level 4 of the Dungeon.
You were not hungry.

You visited 1 branch of the dungeon, and saw 4 of its levels.

You collected 168 gold pieces.

Inventory:

Hand weapons
 m - a +4 short sword
Missiles
 h - 6 javelins (quivered)
 i - 36 arrows
 n - 20 bolts
Armour
 d - a +1 helmet (worn)
 g - a +0 ring mail (worn)
 k - a +0 pair of boots (worn)
Magical devices
 f - a wand of digging (20)
Potions
 a - a potion of lignification
 e - 2 potions of heal wounds
 j - 2 potions of brilliance
 l - a potion of curing
 p - a potion of ambrosia
Comestibles
 b - a bread ration
 o - a meat ration


   Skills:
 * Level 4.2 Fighting
 * Level 1.8 Armour
 * Level 4.9 Dodging
 - Level 1.7 Stealth
 - Level 3.6 Unarmed Combat


You had 4 spell levels left.
You didn't know any spells.

Dungeon Overview and Level Annotations

Branches:
Dungeon (4/15)
 Temple: D:4-7

Altars:
Cheibriados
Fedhas
Kikubaaqudgha
Xom
The Shining One

Annotations:
D:4 Grinder; kinazarov's ghost, experienced DECj


Innate Abilities, Weirdness & Mutations

You sometimes gain a little power by taking damage.


Message History

You can move again.
An orc comes into view. It is wielding a dagger.
Read which item? (? for menu, Esc to quit)
As you read the scroll labeled MAEFOM WEPIOFA, it crumbles to dust.
It is a scroll of recharging.
Charge which item? (? for menu, Esc to quit)
Your wand of digging glows for a moment.
The orc shouts!
Grinder hits you but does no damage. The ogre barely misses you.
Evoke which item? (* to show all) (? for menu, Esc to quit)
Zapping:
f - a wand of digging {recharged} (will waste charges)
Press: ? - help, Shift-Dir - straight line The rock shatters into small pieces.
Evoking this partially-identified wand wasted a few charges.
Grinder hits you.
You writhe in agony.
The rat closely misses you.
The ogre hits you with a giant spiked club!
* * * LOW HITPOINT WARNING * * *
Kinazarov's ghost (experienced Deep Elf Conjurer) comes into view.
Grinder hits you!
You die...

..... ###...#...####.
#..##...####.## #.
##....#.####.# #.
###............. .
..###...#.#..........
......##............
....................
....##5#........#.# .
#.@...........
Wo.o..Or########...
..<....## ... .......
.. ....... .......
....... .......


You could see Grinder, an ogre, an orc priest, an orc wizard and a rat.

Vanquished Creatures
  The ghost of kinazarov the Conjurer, an average DECj (D:3)
  6 adders
  An ooze (D:4)
  A worm (D:3)
  3 giant geckos (D:1)
  10 bats
  A giant cockroach (D:2)
  11 hobgoblins
  9 jackals
  12 kobolds
  2 ball pythons (D:3)
  A giant gecko zombie (D:3)
  7 giant newts
  11 goblins
  12 rats
88 creatures vanquished.

Notes
Turn   | Place    | Note
--------------------------------------------------------------
     0 | D:1      | Chiseanne the Demonspawn Monk began the quest for the Orb.
     0 | D:1      | Reached XP level 1. HP: 18/18 MP: 1/1
    56 | D:1      | Gained mutation: You sometimes gain a little power by taking damage. [demonic ancestry]
    56 | D:1      | Reached XP level 2. HP: 20/24 MP: 2/2
   502 | D:1      | Reached XP level 3. HP: 16/29 MP: 3/3
  1119 | D:2      | Found an ancient bone altar of Kikubaaqudgha.
  1126 | D:2      | Found a blossoming altar of Fedhas.
  1474 | D:2      | Reached skill level 4 in Dodging
  1474 | D:2      | Reached XP level 4. HP: 21/35 MP: 4/4
  1679 | D:2      | Found a snail-covered altar of Cheibriados.
  2093 | D:2      | Found a glowing golden altar of the Shining One.
  2291 | D:3      | Noticed kinazarov's ghost (average DECj)
  2812 | D:3      | Killed kinazarov's ghost
  2812 | D:3      | Reached skill level 1 in Armour
  2812 | D:3      | Reached XP level 5. HP: 42/42 MP: 5/5
  3250 | D:4      | Found a shimmering altar of Xom.
  3380 | D:4      | Noticed Grinder
  3380 | D:4      | Paralysed by Grinder for 7 turns
  3381 | D:4      | Noticed an ogre
  3389 | D:4      | Noticed kinazarov's ghost (experienced DECj)
  3389 | D:4      | Slain by Grinder

Vault maps used:
D:1:      dpeg_arrival_houses_and_road
D:2:      grunt_temple_overflow_growth_and_decay, overflow_temple_1_default,
          first_bread, tso_altar
D:4:      nicolae_overflow_crystal_walls, lemuel_crystal_altar, uniq_grinder

Action                   |  1- 3 |  4- 6 || total
-------------------------+-------+-------++-------
Melee: Unarmed           |   179 |   225 ||   404
Throw: Javelin           |     8 |     1 ||     9
Evoke: Wand              |       |     1 ||     1
  Use: Scroll            |       |    11 ||    11
       Potion            |       |     1 ||     1
  Eat: Chunk             |     1 |     5 ||     6
       Bread ration      |       |     1 ||     1
